 Dungeon Crawl Stone Soup version 0.27-a0-1090-gb115f176c6 (webtiles) character file.

Game seed: 17396631612366428842

12292 rageheart7 the Fighter (level 11, -3/121 HPs)
             Began as a Purple Draconian Transmuter on Apr 27, 2021.
             Was an Elder of Okawaru.
             Slain by a very large slime creature (36 damage)
             ... on level 10 of the Dungeon.
             The game lasted 00:26:29 (8886 turns).

rageheart7 the Fighter (DrTm)                       Turns: 8886, Time: 00:26:30

Health: -3/121     AC:  5    Str: 15    XL:     11   Next: 60%
Magic:  21/23      EV: 12    Int: 12    God:    Okawaru [****..]
Gold:   589        SH:  0    Dex: 12    Spells: 14/26 levels left

rFire    x . .     SeeInvis .     - Unarmed
rCold    + + +     Faith    .   (shield currently unavailable)
rNeg     . . .     Spirit   .   (armour unavailable)
rPois    +         Reflect  .   (helmet currently unavailable)
rElec    .         Harm     .   (cloak currently unavailable)
rCorr    +         Rampage  .   (gloves currently unavailable)
Will     +....     Rnd*Rage +   (boots currently unavailable)
Stlth    +.........             g - amulet of regeneration
HPRegen  1.30/turn              l - ring of poison resistance
MPRegen  0.18/turn              m - ring of resist corrosion

@: ice-form
A: freezing attack, amphibious, boosted hp, (breathe power), AC +7, large,
unfitting armour, (cold-blooded), (stinger 1), berserk 1, dopey 1, MP-powered
wands
a: End Transformation, Renounce Religion, Heroism


You were on level 10 of the Dungeon.
You worshipped Okawaru.
Okawaru was greatly pleased with you.
You were a creature of crystalline ice.
You visited 2 branches of the dungeon, and saw 11 of its levels.

You collected 589 gold pieces.

Inventory:

Missiles
 w - 6 curare-tipped darts
Armour
 a - a +0 cloak (melded)
 e - a +0 pair of boots (melded)
 n - a +0 pair of gloves (melded)
 r - a +2 buckler (melded)
 s - a +0 tower shield
 t - a +2 hat of willpower (melded)
Jewellery
 g - an amulet of regeneration (around neck)
 l - a ring of poison resistance (left front paw)
 m - a ring of resist corrosion (right front paw)
Wands
 o - a wand of flame (53)
Scrolls
 d - 5 scrolls of fog
 f - 9 scrolls of teleportation
 q - 3 scrolls of amnesia
 A - a scroll of enchant weapon
Potions
 b - a potion of lignification
 c - a potion of haste
 h - 4 potions of curing
 i - 2 potions of magic
 j - 2 potions of might
 u - 3 potions of brilliance {unknown}
 v - 2 potions of invisibility {unknown}
 x - a potion of cancellation {unknown}
 z - 2 potions of flight {unknown}


   Skills:
 + Level 10.7 Fighting
 - Level 7.0 Dodging
 - Level 5.0 Shields
 + Level 10.3 Unarmed Combat
 - Level 8.2 Spellcasting
 - Level 8.0 Transmutations


You had 14 spell levels left.
You knew the following spells:

 Your Spells              Type           Power      Damage    Failure   Level
b - Spider Form           Tmut/Pois      7%         N/A       9%          3
c - Ice Form              Ice/Tmut       14%        N/A       28%         4
d - Hydra Form            Tmut           12%        N/A       16%         5

Your spell library contained the following spells:

 Spells                   Type           Power      Damage    Failure   Level
 Beastly Appendage        Tmut           48%        N/A       1%          1
 Wereblood                Tmut           24%        N/A       1%          2
 Passwall                 Tmut/Erth      11%        N/A       4%          2
 Magic Dart               Conj           16%        1d3       14%         1
 Sandblast                Erth           8%         2d5       14%         1
 Blink                    Tloc           N/A        N/A       22%         2
 Call Imp                 Summ           4%         N/A       22%         2
 Slow                     Hex            4%         N/A       22%         2
 Petrify                  Tmut/Erth      14%        N/A       28%         4
 Conjure Flame            Conj/Fire      4%         6-21      41%         3
 Mephitic Cloud           Conj/Pois/Air  4%         N/A       41%         3
 Stone Arrow              Conj/Erth      8%         3d7       41%         3
 Lee's Rapid Deconstruct  Erth           2%         3d5*      99%         5


Dungeon Overview and Level Annotations

Branches:
Dungeon (10/15)            Temple (1/1) D:7             Orc (0/2) D:10
   Lair: D:8-11

Altars:
Ashenzari
Cheibriados
Dithmenos
Elyvilon
Fedhas
Gozag
Hepliaklqana
Kikubaaqudgha
Makhleb
Nemelex Xobeh
Okawaru
Qazlal
Ru
Trog
Uskayaw
Vehumet
Wu Jian
Xom
Yredelemnul
Zin
The Shining One

Annotations:
D:4 2 runed translucent doors, Demosthentine's ghost, novice MfGl


Innate Abilities, Weirdness & Mutations

You are a creature of crystalline ice.
You have a powerful freezing melee attack.
You are amphibious.
Your maximum health is increased.
Your armour is entirely melded.
You are incapable of wielding weapons or throwing items.
((You can breathe bolts of dispelling energy.))
((Your rich purple scales are hard. (AC +7)))
You cannot fit into any form of body armour.
((You are cold-blooded and may be slowed by cold attacks.))
((Your tail ends in a poisonous barb.))
You tend to lose your temper in combat.
You are dopey. (Int -2)
You expend magic power (3 MP) to strengthen your wands.


Message History

The slime creature quivers. x2
Two slime creatures merge to form a large slime creature.
You completely miss the large slime creature.
Two slime creatures merge to form a very large slime creature.
You punch the very large slime creature!
You freeze the very large slime creature.
The very large slime creature is lightly wounded.
You punch the very large slime creature!
You freeze the very large slime creature!
The very large slime creature is lightly wounded.
The very large slime creature hits you!
You pummel the very large slime creature!!
You freeze the very large slime creature!
The very large slime creature is moderately wounded.
The very large slime creature closely misses you.
You punch the very large slime creature!
You freeze the very large slime creature.
The very large slime creature is heavily wounded.
The very large slime creature hits you.
You punch the very large slime creature!
You freeze the very large slime creature.
The very large slime creature is heavily wounded.
The very large slime creature hits you!!!
You hit the very large slime creature.
You freeze the very large slime creature.
The very large slime creature is heavily wounded.
You pummel the very large slime creature!!
You freeze the very large slime creature.
The very large slime creature is severely wounded.
The very large slime creature barely misses you.
You punch the very large slime creature!
You freeze the very large slime creature.
The very large slime creature is severely wounded.
The very large slime creature hits you!!!
* * * LOW HITPOINT WARNING * * *
You punch the very large slime creature!
You freeze the very large slime creature.
The very large slime creature is almost dead.
The very large slime creature hits you!!!
You die...

#......#....##...........#
##.....#....############.#
#.....#....# #.#
#.....#....# #.#
##....#....# #.#
#....#....# #.#
#....##'### #.# #....##J#
#.# ##'####Y# #.# #..# #.#
#.# ##.# #.# #.. #.# #.#
### #.###.# #).##.#
####)##.# #.....#.#
#.....#.#


You could see a very large slime creature.

Vanquished Creatures
  A two-headed ogre (D:9)
  Pikel (D:7)
  A slime creature (D:10)
  A kobold demonologist (D:8)
  3 trolls
  Grinder (D:6)
  2 hornets
  A wyvern (D:9)
  20 yaks
  2 steam dragons
  Edmund (D:5)
  Menkaure (D:5)
  6 orc warriors
  4 ice beasts
  3 sky beasts
  A black bear (D:6)
  3 ogres
  A centaur (D:6)
  2 phantoms
  3 lemures (D:7)
  3 kobold brigands (D:8)
  A gnoll sergeant (D:7)
  A bullfrog (D:8)
  A wyvern zombie (D:6)
  3 scorpions
  A water moccasin skeleton (D:5)
  10 killer bees
  3 wights (D:7)
  An electric eel (D:10)
  2 centaur zombies
  3 hounds
  Crazy Yiuf (D:7)
  2 centaur skeletons
  3 orc priests
  4 jellies
  2 bullfrog skeletons (D:5)
  3 iguanas
  7 orc wizards
  2 killer bee zombies
  3 howler monkey zombies
  8 gnolls
  6 adders
  A howler monkey skeleton (D:7)
  2 shadow imps (D:5)
  A white imp (D:6)
  2 dart slugs
  2 worms (D:3)
  26 orcs
  2 bats
  7 endoplasms
  3 giant cockroaches
  3 goblins
  4 hobgoblins
  A jackal (D:5)
  A quokka (D:2)
  4 ball pythons
  5 frilled lizards
  15 kobolds
  3 rats
210 creatures vanquished.

Vanquished Creatures (others)
  5 plants (D:8)
5 creatures vanquished.

Grand Total: 215 creatures vanquished

Notes
Turn   | Place    | Note
-------+----------+-------------------------------------------
     0 | D:1      | rageheart7 the Draconian Transmuter began the quest for the
                  | Orb.
     0 | D:1      | Reached XP level 1. HP: 16/16 MP: 3/3
   186 | D:1      | Reached XP level 2. HP: 18/24 MP: 5/5
   426 | D:1      | Found a faded altar of an unknown god.
   865 | D:2      | Found a shimmering altar of Xom.
  1353 | D:3      | Reached XP level 3. HP: 25/30 MP: 6/6
  2266 | D:4      | Reached XP level 4. HP: 38/38 MP: 7/7
  2336 | D:4      | Found a large runed translucent door.
  2337 | D:4      | Found a large runed translucent door.
  2338 | D:4      | Noticed Demosthentine's ghost (novice MfGl)
  2375 | D:4      | Noticed a phantom
  2386 | D:4      | Killed a phantom
  2387 | D:4      | Reached XP level 5. HP: 37/46 MP: 6/8
  2456 | D:4      | Found a sparkling altar of Nemelex Xobeh.
  2490 | D:4      | Noticed a yak
  2491 | D:4      | Noticed a yak
  2491 | D:4      | Noticed a yak
  2492 | D:4      | Noticed a yak
  2512 | D:4      | Reached skill level 5 in Unarmed Combat
  2519 | D:4      | Killed a yak
  2520 | D:4      | Reached skill level 5 in Fighting
  2520 | D:4      | Reached XP level 6. HP: 48/56 MP: 6/9
  2529 | D:4      | Killed a yak
  2530 | D:4      | Your scales start taking on a rich purple colour.
  2530 | D:4      | Reached XP level 7. HP: 32/62 MP: 6/10
  2540 | D:4      | Killed a yak
  2571 | D:4      | Killed a yak
  3124 | D:5      | Entered Level 5 of the Dungeon
  3139 | D:5      | Reached XP level 8. HP: 73/73 MP: 11/11
  3265 | D:5      | Noticed Edmund
  3287 | D:5      | Killed Edmund
  3341 | D:5      | Found a hide-covered altar of Uskayaw.
  3536 | D:5      | Learned a level 3 spell: Spider Form
  3541 | D:5      | Learned a level 4 spell: Ice Form
  3788 | D:5      | Reached skill level 10 in Fighting
  3788 | D:5      | Reached skill level 10 in Unarmed Combat
  3788 | D:5      | Reached skill level 5 in Transmutations
  3788 | D:5      | Reached XP level 9. HP: 86/86 MP: 11/21
  4106 | D:6      | Reached skill level 1 in Shields
  4163 | D:6      | Reached XP level 10. HP: 93/94 MP: 22/22
  4491 | D:5      | Noticed Menkaure
  4505 | D:5      | Killed Menkaure
  4932 | D:6      | Noticed Grinder
  4944 | D:6      | Killed Grinder
  5244 | D:6      | Learned a level 5 spell: Hydra Form
  5497 | D:7      | Gained mutation: You tend to lose your temper in combat.
                  | [potion of mutation]
  5497 | D:7      | Gained mutation: Your tail ends in a poisonous barb.
                  | [potion of mutation]
  5497 | D:7      | Gained mutation: You are dopey. (Int -2) [potion of
                  | mutation]
  5497 | D:7      | Gained mutation: You expend magic power (3 MP) to
                  | strengthen your wands. [potion of mutation]
  5614 | D:7      | Found a staircase to the Ecumenical Temple.
  5641 | D:7      | Noticed Pikel
  5646 | Temple   | Entered the Ecumenical Temple
  5844 | Temple   | Became a worshipper of Warmaster Okawaru
  5873 | D:7      | Killed Pikel
  5992 | D:7      | Found a runed translucent door.
  5993 | D:7      | Noticed Crazy Yiuf
  6065 | D:7      | Found a blossoming altar of Fedhas.
  6144 | D:7      | Reached * piety under Okawaru
  6235 | D:7      | Killed Crazy Yiuf
  6258 | D:7      | Identified a scroll of acquirement
  6258 | D:7      | Acquired a +2 hat of willpower
  6678 | D:8      | Reached ** piety under Okawaru
  6684 | D:8      | Reached XP level 11. HP: 101/101 MP: 19/23
  7214 | D:8      | Reached skill level 5 in Dodging
  7336 | D:9      | Reached skill level 5 in Shields
  7401 | D:9      | Found a shadowy altar of Dithmenos.
  7456 | D:9      | Noticed a two-headed ogre
  7494 | D:9      | Killed a two-headed ogre
  7494 | D:9      | Reached *** piety under Okawaru
  8015 | D:10     | Entered Level 10 of the Dungeon
  8197 | D:10     | Found a staircase to the Orcish Mines.
  8622 | D:10     | Reached **** piety under Okawaru
  8886 | D:10     | Slain by a very large slime creature

Illustrated notes

Levels and vault maps discovered:
D:1:      dpeg_arrival_round_c, layout_rooms,
          shapermc_ecumenical_altar_notcrosses, minivault_27,
          serial_bayou_pond_d
D:2:      layout_rooms, basic_altar, hangedman_glass_garden
D:3:      layout_basic
D:4:      layout_loops_ring, kennysheep_mini, ebering_ghost_disaster_area
D:5:      minmay_chambers_of_threes, layout_basic,
          nicolae_uskayaw_murder_on_the_dancefloor, uniq_edmund, uniq_menkaure
D:6:      layout_gridville, uniq_grinder
D:7:      layout_rooms, kennysheep_little_box, temple_green, minmay_between,
          uniq_pikel, uniq_crazy_yiuf_cottage
D:8:      layout_rooms, minmay_misc_feat_iff, serial_bayou_pond_c
D:9:      layout_cave_pools, overflow_temple_1_default, minmay_misc_feat_chi,
          minivault_21
D:10:     layout_basic, kennysheep_orc_sif_temple, orc_0_dummy
Temple:   minmay_crystal_spiral_temple

Skill      XL: |  1  2  3  4  5  6  7  8  9 10 11 |
---------------+----------------------------------+-----
Fighting       | 2 3 5 7 10 | 10.7
Unarmed Combat | 4 5 6 7 10 | 10.3
Spellcasting   | 8 |  8.2
Transmutations | 5 7 8 |  8.0
Dodging        | 2 4 7 |  7.0
Shields        | 1 4 5 |  5.0

Action                   |  1- 3 |  4- 6 |  7- 9 | 10-12 || total
-------------------------+-------+-------+-------+-------++-------
Melee: Unarmed           |   148 |    49 |   160 |   411 ||   768
       Kick              |    13 |    17 |    27 |     4 ||    61
       Punch             |     3 |     5 |     6 |     1 ||    15
       Headbutt          |     7 |    12 |    21 |     5 ||    45
       Tailslap          |     7 |     9 |    15 |     1 ||    32
 Cast: Beastly Appendage |    21 |     8 |    15 |     3 ||    47
       Spider Form       |       |       |     4 |    14 ||    18
       Hydra Form        |       |       |       |    32 ||    32
       Ice Form          |       |       |       |     1 ||     1
  Use: Scroll            |       |       |    10 |     8 ||    18
       Potion            |       |       |     3 |     3 ||     6
Armor: Skin              |    39 |     7 |    38 |    77 ||   161
Dodge: Dodged            |    70 |    26 |    75 |   193 ||   364
Block: Buckler           |       |       |       |     3 ||     3

Table legend: (Time is in decaauts)
 A = Elapsed time spent in this place.
 B = Non-inter-level travel time spent in this place.
 C = Inter-level travel time spent in this place.
 D = Time resting spent in this place.
 E = Time spent auto-exploring this place.
 F = Levels seen in this place.
 G = Mean time per level.
                   A        B        C        D        E       F      G
               +--------+--------+--------+--------+--------+-----+--------+
         Total |   8797 |   8360 |    437 |    153 |   6616 |  11 |  799.7 |
       Dungeon |   8584 |   8230 |    354 |    153 |   6490 |  10 |  858.4 |
        Temple |    212 |    129 |     83 |      0 |    126 |   1 |  212.0 |
               +--------+--------+--------+--------+--------+-----+--------+

Top non-repeatable levels by time:
     D:6: 1108 daAuts
     D:5: 1034 daAuts
     D:8: 971 daAuts
     D:3: 912 daAuts
     D:4: 866 daAuts
    D:10: 861 daAuts
     D:1: 774 daAuts
     D:7: 773 daAuts
     D:9: 726 daAuts
     D:2: 555 daAuts
  Temple: 212 daAuts
